General information
- name: BNet
- type: Ladder team game (AT/RT)
- host: Battle.net
- saver: HOTDOGPIZZA1
map: CopperCanyon
- players: 6
- length: 29:31
- speed: Fast
- version: 1.26 W3XP
- replay type:

» download(214 KB)
Players
team 1 (winner)
1stChurchOPerch (
purple | 136 APM | 4025 actions | 29:30)
4 Archmage
2 Blizzard
2 Brilliance Aura
2 Blood Mage
1 Flame Strike
1 Siphon Mana
3 Mountain King
1 Storm Bolt
2 Bash
» actions
| Assign group hotkey | 423 | |
| Basic commands | 29 | |
| Build / train | 124 | |
| Enter build submenu | 112 | |
| Enter hero's abilities submenu | 9 | |
| Give item / drop item | 6 | |
| Right click | 1692 | |
| Select / deselect | 448 | |
| Select group hotkey | 931 | |
| Use ability | 251 | |
4025 total
» units
» upgrades
| Masonry | 3 | |
| Lumber Harvesting | 2 | |
| Magic Sentry | 1 | |
6 total
» buildings
| Altar of Kings | 1 | |
| Lumber Mill | 1 | |
| Farm | 6 | |
| Scout Tower | 97 | |
| Arcane Tower | 10 | |
| Guard Tower | 54 | |
| Keep | 1 | |
| Town Hall | 1 | |
| Arcane Sanctum | 1 | |
| Castle | 1 | |
| Arcane Vault | 3 | |
176 total
» build order
00:04 Altar of Kings
00:20 Lumber Mill
00:34 Farm
01:09 Farm
01:27 Farm
01:52 Scout Tower
01:55 Scout Tower
02:06 Scout Tower
02:17 Farm
02:22 Arcane Tower
02:24 Scout Tower
02:27 Scout Tower
02:28 Arcane Tower
02:30 Scout Tower
02:41 Guard Tower
02:42 Scout Tower
02:51 Guard Tower
02:52 Scout Tower
02:58 Guard Tower
03:04 Scout Tower
03:13 Arcane Tower
03:20 Scout Tower
03:34 Scout Tower
03:35 Arcane Tower
03:41 Guard Tower
03:43 Scout Tower
03:48 Guard Tower
03:49 Scout Tower
04:07 Guard Tower
04:11 Scout Tower
04:21 Guard Tower
04:23 Scout Tower
04:25 Guard Tower
04:26 Scout Tower
04:37 Farm
04:40 Guard Tower
04:40 Guard Tower
04:40 Guard Tower
04:42 Scout Tower
04:55 Guard Tower
04:57 Scout Tower
05:09 Scout Tower
05:18 Scout Tower
05:31 Scout Tower
05:33 Guard Tower
05:45 Guard Tower
05:46 Scout Tower
05:54 Scout Tower
06:02 Keep
06:04 Guard Tower
06:05 Guard Tower
06:07 Scout Tower
06:15 Guard Tower
06:20 Scout Tower
06:29 Guard Tower
06:46 Scout Tower
07:06 Scout Tower
07:23 Scout Tower
07:36 Guard Tower
07:37 Scout Tower
07:52 Guard Tower
07:54 Scout Tower
07:55 Scout Tower
08:17 Guard Tower
08:20 Scout Tower
08:36 Guard Tower
08:37 Scout Tower
08:39 Scout Tower
08:47 Scout Tower
08:48 Arcane Tower
08:54 Guard Tower
08:55 Scout Tower
08:57 Scout Tower
09:27 Guard Tower
09:29 Scout Tower
09:30 Scout Tower
09:39 Town Hall
09:48 Guard Tower
09:54 Scout Tower
10:40 Guard Tower
10:42 Scout Tower
11:07 Arcane Tower
11:09 Guard Tower
11:12 Scout Tower
11:13 Guard Tower
11:36 Guard Tower
11:37 Scout Tower
11:38 Scout Tower
11:40 Scout Tower
11:41 Scout Tower
11:48 Arcane Sanctum
11:49 Castle
12:10 Guard Tower
12:26 Scout Tower
12:28 Scout Tower
12:31 Scout Tower
12:34 Guard Tower
12:37 Scout Tower
12:40 Arcane Vault
12:46 Scout Tower
12:54 Guard Tower
12:58 Arcane Vault
13:21 Guard Tower
13:23 Scout Tower
13:25 Scout Tower
13:28 Farm
14:08 Guard Tower
14:16 Scout Tower
14:18 Scout Tower
14:19 Scout Tower
14:20 Guard Tower
14:24 Scout Tower
14:24 Scout Tower
14:28 Scout Tower
14:30 Scout Tower
14:33 Scout Tower
14:35 Scout Tower
14:37 Scout Tower
14:38 Scout Tower
14:44 Scout Tower
14:45 Scout Tower
14:46 Guard Tower
14:56 Scout Tower
14:57 Scout Tower
15:14 Guard Tower
15:17 Scout Tower
15:33 Guard Tower
15:35 Scout Tower
15:41 Scout Tower
15:46 Scout Tower
15:46 Scout Tower
15:48 Guard Tower
15:58 Scout Tower
15:59 Scout Tower
16:00 Scout Tower
16:01 Arcane Tower
16:03 Guard Tower
16:05 Scout Tower
16:14 Guard Tower
16:24 Arcane Tower
17:30 Guard Tower
17:31 Scout Tower
17:39 Guard Tower
17:42 Scout Tower
18:19 Guard Tower
18:21 Scout Tower
18:21 Scout Tower
18:24 Scout Tower
18:49 Guard Tower
18:52 Scout Tower
18:53 Scout Tower
18:56 Scout Tower
18:57 Scout Tower
19:10 Arcane Tower
19:17 Guard Tower
19:18 Scout Tower
19:20 Scout Tower
19:35 Guard Tower
19:36 Scout Tower
19:38 Scout Tower
19:39 Arcane Tower
20:04 Guard Tower
20:08 Guard Tower
20:14 Scout Tower
20:22 Guard Tower
21:29 Scout Tower
21:35 Guard Tower
21:36 Arcane Vault
21:40 Scout Tower
22:22 Guard Tower
23:00 Scout Tower
23:01 Scout Tower
24:19 Guard Tower
24:21 Scout Tower
24:21 Scout Tower
25:37 Guard Tower
» items
| Healing Salve | 2 | |
| Orb of Lightning | 3 | |
| Boots of Speed | 3 | |
| Staff of Teleportation | 3 | |
| Staff of Sanctuary | 3 | |
| Scroll of Town Portal | 4 | |
18 total
HOTDOGPIZZA1 (
blue | 103 APM | 3055 actions | 29:31)
7 Blademaster
3 Wind Walk
3 Critical Strike
1 Bladestorm
» actions
| Assign group hotkey | 13 | |
| Basic commands | 2 | |
| Build / train | 69 | |
| Enter build submenu | 39 | |
| Enter hero's abilities submenu | 7 | |
| Give item / drop item | 8 | |
| Right click | 2147 | |
| Select / deselect | 323 | |
| Select group hotkey | 279 | |
| Use ability | 168 | |
3055 total
» units
» upgrades
| Ranged Weapons | 3 | |
| Liquid Fire | 1 | |
| Armor | 2 | |
6 total
» buildings
| Altar of Storms | 1 | |
| Orc Burrow | 4 | |
| War Mill | 1 | |
| Voodoo Lounge | 4 | |
| Watch Tower | 24 | |
| Stronghold | 1 | |
| Beastiary | 2 | |
| Fortress | 1 | |
| Great Hall | 1 | |
39 total
» build order
00:05 Altar of Storms
00:18 Orc Burrow
00:34 War Mill
01:07 Voodoo Lounge
01:47 Watch Tower
02:07 Watch Tower
02:51 Watch Tower
03:23 Stronghold
03:25 Watch Tower
04:02 Watch Tower
04:04 Watch Tower
04:12 Orc Burrow
05:08 Watch Tower
05:47 Beastiary
05:49 Beastiary
06:13 Watch Tower
06:14 Watch Tower
06:41 Orc Burrow
08:26 Fortress
09:39 Voodoo Lounge
09:56 Voodoo Lounge
10:10 Voodoo Lounge
11:49 Watch Tower
12:29 Orc Burrow
14:26 Watch Tower
15:05 Watch Tower
15:05 Watch Tower
16:13 Watch Tower
16:17 Watch Tower
19:08 Watch Tower
19:09 Watch Tower
19:33 Watch Tower
19:35 Watch Tower
20:29 Watch Tower
24:03 Watch Tower
24:38 Watch Tower
24:46 Great Hall
25:59 Watch Tower
28:02 Watch Tower
» items
| Boots of Speed | 1 | |
| Staff of Teleportation | 1 | |
| Lesser Clarity Potion | 8 | |
| Healing Salve | 5 | |
| Orb of Lightning | 1 | |
16 total
timg4strok (
yellow | 94 APM | 2770 actions | 29:30)
5 Warden
3 Shadow Strike
2 Blink
» actions
| Assign group hotkey | 9 | |
| Basic commands | 15 | |
| Build / train | 69 | |
| ESC pressed | 1 | |
| Enter build submenu | 31 | |
| Enter hero's abilities submenu | 5 | |
| Give item / drop item | 3 | |
| Right click | 1664 | |
| Select / deselect | 240 | |
| Select group hotkey | 334 | |
| Use ability | 397 | |
2770 total
» units
» upgrades
| Well Spring | 1 | |
| Nature's Blessing | 1 | |
| Ultravision | 1 | |
| Strength of the Wild | 3 | |
| Reinforced Hides | 3 | |
| Corrosive Breath | 1 | |
10 total
» buildings
| Altar of Elders | 1 | |
| Moon Well | 27 | |
| Tree of Ages | 4 | |
| Tree of Eternity | 2 | |
| Tree of Life | 1 | |
| Ancient of Wonders | 1 | |
| Hunter's Hall | 1 | |
| Ancient of Wind | 1 | |
| Chimaera Roost | 2 | |
40 total
» build order
00:04 Altar of Elders
00:10 Moon Well
01:09 Moon Well
04:18 Tree of Ages
04:18 Tree of Ages
04:19 Tree of Ages
05:59 Moon Well
06:00 Moon Well
06:51 Moon Well
06:51 Moon Well
07:26 Moon Well
07:26 Moon Well
07:32 Tree of Eternity
08:19 Tree of Life
08:24 Ancient of Wonders
08:33 Hunter's Hall
11:43 Moon Well
11:43 Moon Well
13:04 Moon Well
13:04 Moon Well
13:05 Moon Well
13:05 Moon Well
14:43 Ancient of Wind
15:32 Moon Well
15:33 Moon Well
15:33 Moon Well
16:00 Chimaera Roost
16:01 Chimaera Roost
28:39 Moon Well
28:39 Moon Well
28:39 Moon Well
28:40 Moon Well
28:40 Moon Well
28:43 Moon Well
28:43 Moon Well
28:43 Moon Well
28:44 Moon Well
28:44 Moon Well
» items
| Staff of Teleportation | 1 | |
| Boots of Speed | 1 | |
| Lesser Clarity Potion | 1 | |
| Healing Salve | 1 | |
| Orb of Venom | 1 | |
| Potion of Healing | 1 | |
6 total
team 2 (loser)
4tw.abuser (
green | 41 APM | 1025 actions | 25:17)
1 Priestess of the Moon
1 Trueshot Aura
» actions
| Assign group hotkey | 15 | |
| Build / train | 34 | |
| Enter build submenu | 23 | |
| Enter hero's abilities submenu | 2 | |
| Remove unit from queue | 2 | |
| Right click | 538 | |
| Select / deselect | 268 | |
| Select group hotkey | 96 | |
| Use ability | 47 | |
1025 total
» units
» buildings
| Altar of Elders | 1 | |
| Moon Well | 5 | |
| Hunter's Hall | 1 | |
| Ancient of War | 7 | |
| Ancient Protector | 4 | |
| Tree of Life | 1 | |
19 total
» build order
00:11 Altar of Elders
00:28 Moon Well
01:39 Hunter's Hall
02:02 Ancient of War
02:35 Ancient of War
02:40 Moon Well
03:00 Ancient of War
03:26 Ancient of War
03:38 Ancient of War
03:51 Ancient of War
04:00 Ancient of War
04:07 Moon Well
07:21 Ancient Protector
08:37 Ancient Protector
08:43 Moon Well
09:50 Ancient Protector
11:40 Tree of Life
12:57 Ancient Protector
16:08 Moon Well
M30 (
red | 44 APM | 1299 actions | 29:29)
3 Blademaster
2 Wind Walk
1 Critical Strike
» actions
| Basic commands | 11 | |
| Build / train | 51 | |
| Enter build submenu | 34 | |
| Enter hero's abilities submenu | 3 | |
| Right click | 850 | |
| Select / deselect | 288 | |
| Use ability | 62 | |
1299 total
» units
| Peon | 10 | |
| Grunt | 4 | |
| Demolisher | 5 | |
| Troll Batrider | 8 | |
| Shaman | 4 | |
| Tauren | 5 | |
36 total
» upgrades
| Shaman Training | 2 | |
| Burning Oil | 1 | |
3 total
» buildings
| Altar of Storms | 1 | |
| Orc Burrow | 6 | |
| Barracks | 1 | |
| Voodoo Lounge | 1 | |
| Stronghold | 1 | |
| War Mill | 1 | |
| Beastiary | 2 | |
| Spirit Lodge | 1 | |
| Fortress | 1 | |
| Watch Tower | 15 | |
| Tauren Totem | 2 | |
32 total
» build order
00:09 Altar of Storms
00:13 Orc Burrow
00:37 Barracks
01:37 Orc Burrow
02:28 Voodoo Lounge
03:19 Stronghold
04:13 Orc Burrow
05:06 War Mill
06:50 Beastiary
06:55 Spirit Lodge
06:58 Fortress
07:47 Orc Burrow
08:08 Watch Tower
08:13 Watch Tower
08:18 Watch Tower
11:54 Tauren Totem
12:01 Watch Tower
12:37 Tauren Totem
12:59 Watch Tower
13:05 Watch Tower
14:31 Watch Tower
15:11 Orc Burrow
15:37 Watch Tower
16:45 Watch Tower
16:49 Watch Tower
16:56 Watch Tower
18:57 Watch Tower
19:02 Watch Tower
19:06 Watch Tower
19:37 Beastiary
20:07 Orc Burrow
20:16 Watch Tower
» items
| Healing Salve | 2 | |
| Lesser Clarity Potion | 2 | |
| Scroll of Speed | 1 | |
| Potion of Healing | 1 | |
6 total
Xx_MasteR_xX (
teal | 81 APM | 2037 actions | 25:15)
4 Death Knight
2 Death Coil
2 Unholy Aura
3 Lich
2 Frost Nova
1 Dark Ritual
» actions
| Assign group hotkey | 66 | |
| Basic commands | 4 | |
| Build / train | 66 | |
| ESC pressed | 1 | |
| Enter build submenu | 21 | |
| Enter hero's abilities submenu | 7 | |
| Give item / drop item | 2 | |
| Right click | 1091 | |
| Select / deselect | 452 | |
| Select group hotkey | 239 | |
| Use ability | 88 | |
2037 total
» units
| Acolyte | 9 | |
| Ghoul | 4 | |
| Crypt Fiend | 15 | |
| Frost Wyrm | 5 | |
| Goblin Zeppelin | 1 | |
34 total
» upgrades
| Creature Attack | 2 | |
| Web | 1 | |
| Freezing Breath | 1 | |
| Creature Carapace | 1 | |
5 total
» buildings
| Graveyard | 1 | |
| Crypt | 1 | |
| Ziggurat | 10 | |
| Altar of Darkness | 1 | |
| Tomb of Relics | 1 | |
| Halls of the Dead | 1 | |
| Black Citadel | 1 | |
| Sacrificial Pit | 1 | |
| Nerubian Tower | 1 | |
| Spirit Tower | 4 | |
| Boneyard | 2 | |
24 total
» build order
00:05 Graveyard
00:07 Crypt
00:12 Ziggurat
00:45 Altar of Darkness
01:26 Ziggurat
01:54 Tomb of Relics
04:08 Halls of the Dead
04:36 Ziggurat
06:04 Ziggurat
07:48 Black Citadel
08:17 Ziggurat
09:24 Sacrificial Pit
09:44 Nerubian Tower
10:00 Spirit Tower
11:13 Boneyard
12:00 Boneyard
12:39 Spirit Tower
12:42 Ziggurat
14:00 Ziggurat
15:24 Spirit Tower
16:04 Spirit Tower
22:23 Ziggurat
22:24 Ziggurat
22:25 Ziggurat
» items
| Rod of Necromancy | 3 | |
| Scroll of Town Portal | 2 | |
| Healing Salve | 1 | |
| Lesser Clarity Potion | 1 | |
| Potion of Lesser Invulnerability | 1 | |
| Scroll of Healing | 1 | |
| Dust of Appearance | 1 | |
10 total
Chat log
(00:41 / All) timg4strok: what are u a master. of ?
(00:46 / All) 4tw.abuser: my cock
(00:48 / All) Xx_MasteR_xX: ^^
(01:04 / All) timg4strok: huh
(01:24 / All) M30: yellow i wanna suck all the juice out of ur vagina
(01:32 / All) timg4strok: no speak english ?
(03:04 / All) HOTDOGPIZZA1: lol
(03:44 / All) HOTDOGPIZZA1: lol
(06:06 / All) HOTDOGPIZZA1: doesn't cancel salve
(06:07 / All) HOTDOGPIZZA1: lol
(06:28 / All) HOTDOGPIZZA1: ty
(08:23 / All) 1stChurchOPerch: interesting choice
(15:20 / All) 1stChurchOPerch: this isn't going well for you
(15:22 / All) 1stChurchOPerch: really
(15:23 / All) 1stChurchOPerch: accept this pause
(15:23 / All) timg4strok: hello
(15:25 / All) 1stChurchOPerch: you need the time
(17:49 / All) HOTDOGPIZZA1: lol
(18:01 / All) HOTDOGPIZZA1: quit now i think
(18:15 / All) Xx_MasteR_xX: lol love when hackers trash talk
(18:18 / All) HOTDOGPIZZA1: LOL!
(18:19 / All) HOTDOGPIZZA1: ok
(18:21 / All) HOTDOGPIZZA1: listen
(18:22 / All) HOTDOGPIZZA1: tell me
(18:24 / All) HOTDOGPIZZA1: what makes you think
(18:24 / All) timg4strok: hey 1 sec gotta turn my hack on
(18:25 / All) HOTDOGPIZZA1: we hack
(18:28 / All) HOTDOGPIZZA1: tell me
(18:31 / All) HOTDOGPIZZA1: what is your evidence
(18:31 / All) 1stChurchOPerch: because you lost?
(18:33 / All) HOTDOGPIZZA1: tell me now
(18:36 / All) HOTDOGPIZZA1: say it
(18:37 / All) 1stChurchOPerch: let us know
(18:38 / All) 1stChurchOPerch: why do we hack
(18:38 / All) HOTDOGPIZZA1: is it because we're better?
(18:43 / All) timg4strok: this guy!! made some towers!!! and some moon wells!!! what a hacker!!
(19:03 / All) HOTDOGPIZZA1: good hunts!
(21:35 / All) timg4strok: yall are rly bad. . .
(21:42 / All) 4tw.abuser: im just idling tbh lol
(21:44 / All) Xx_MasteR_xX: says the proto maphacker
(22:05 / All) 1stChurchOPerch: do you think everyone who beats you maphacks
(22:10 / All) 1stChurchOPerch: Or just the ones who do it with joke strategies?
(22:17 / All) 4tw.abuser: both baby
(22:20 / All) 4tw.abuser: <3
(24:52 / All) Xx_MasteR_xX: really ... u really wanna know how u maphack
(24:52 / All) Xx_MasteR_xX: lmfao
(24:54 / All) HOTDOGPIZZA1: yes
(24:59 / All) HOTDOGPIZZA1: there are 3 bases of y ours
(25:01 / All) HOTDOGPIZZA1: sometimes we go in them
(25:02 / All) HOTDOGPIZZA1: ???
(25:06 / All) 1stChurchOPerch: is that it?
(25:12 / All) 1stChurchOPerch: we attack sometimes?
(25:16 / All) 1stChurchOPerch: we can stop
(25:18 / All) 1stChurchOPerch: if you ask
(26:02 / All) M30: im just gonna afk while u kill everything
(26:04 / All) HOTDOGPIZZA1: lol!
(26:09 / All) HOTDOGPIZZA1: fine w/ me
(26:11 / All) 1stChurchOPerch: sounds greats
(26:15 / All) HOTDOGPIZZA1: good afking
(26:35 / All) 1stChurchOPerch: we've been doing this for a while by the way
(26:47 / All) 1stChurchOPerch: no one has ever gone AFK after saying it
(26:49 / All) 1stChurchOPerch: they're too angry
(26:52 / All) 1stChurchOPerch: to just go get a samwich
(26:59 / All) 1stChurchOPerch: they need to milk the loss for all the grief it's got
(27:33 / All) HOTDOGPIZZA1: thanks
(27:36 / All) HOTDOGPIZZA1: good afk.